 Dungeon Crawl Stone Soup version 0.29-a0-1009-g60c99734e7 (webtiles) character file.

Game seed: 15632395372048307645

162 iguanaiguana the Stinger (level 5, -6/28 HPs)
             Began as a Gargoyle Venom Mage on Aug 9, 2022.
             Splashed by a jelly's acid (7 damage)
             ... on level 3 of the Dungeon.
             The game lasted 00:08:33 (3683 turns).

iguanaiguana the Stinger (Gargoyle Venom Mage)      Turns: 3683, Time: 00:08:34

Health: -6/28      AC:  2    Str: 11    XL:     5   Next: 43%
Magic:  4/8        EV: 11    Int: 18    God:
Gold:   121        SH:  0    Dex: 10    Spells: 5/8 levels left

rFire   . . .      SeeInvis .   m - +1 dagger (speed)
rCold   . . .      Faith    .   (no shield)
rNeg    + . .      Spirit   .   a - +0 robe
rPois   ∞          Reflect  .   (no helmet)
rElec   +          Harm     .   (no cloak)
rCorr   .          Rampage  .   (no gloves)
Will    .....                   (no boots)
Stlth   ++........              (no amulet)
HPRegen 0.09/turn               (no ring)
MPRegen 0.11/turn               (no ring)

@: corroded
A: sickness immunity, AC +4, negative energy resistance 1, electricity
resistance, torment resistance 1, petrification resistance
a: no special abilities


You were on level 3 of the Dungeon.
You visited 1 branch of the dungeon, and saw 4 of its levels.

You collected 121 gold pieces.

Inventory:

Hand Weapons
 g - a +0 spear
 m - a +1 dagger of speed (weapon)
Missiles
 n - 3 poisoned darts
 s - 2 boomerangs
Armour
 a - a +0 robe (worn)
Scrolls
 c - 3 scrolls of blinking {unknown}
 d - 3 scrolls of enchant weapon {unknown}
 f - a scroll of butterflies {unknown}
 i - 6 scrolls of teleportation {unknown}
 j - a scroll of noise {unknown}
 l - 2 scrolls of identify {unknown}
 o - a scroll of fear {unknown}
 q - a scroll of enchant armour {unknown}
Potions
 b - a potion of magic
 e - a potion of mutation {unknown}
 h - a potion of resistance {unknown}
 k - a potion of invisibility {unknown}
 p - a potion of brilliance {unknown}
 r - a potion of degeneration {unknown}
 t - a potion of cancellation {unknown}


   Skills:
 - Level 1.5 Dodging
 - Level 2.1 Stealth
 - Level 2.0 Spellcasting
 - Level 0.7 Transmutations
 - Level 2.0 Air Magic
 + Level 5.2 Poison Magic


You had 5 spell levels left.
You knew the following spells:

 Your Spells              Type           Power      Damage    Failure   Level
a - Sting                 Tmut/Pois      48%        1d5       5%          1
b - Poisonous Vapours     Pois/Air       28%        N/A       6%          2

Your spell library contained the following spells:

 Spells                   Type           Power      Damage    Failure   Level
 Sandblast                Erth           2%         2d4       19%         1
 Mephitic Cloud           Conj/Pois/Air  10%        N/A       21%         3
 Olgreb's Toxic Radiance  Pois           20%        N/A       21%         4
 Passwall                 Tmut/Erth      2%         N/A       24%         2
 Blink                    Tloc           2%         N/A       26%         2
 Lesser Beckoning         Tloc           1%         N/A       47%         3
 Stone Arrow              Conj/Erth      2%         3d7       47%         3
 Manifold Assault         Tloc           1%         N/A       99%         5


Dungeon Overview and Level Annotations

Branches:
Dungeon (4/15) Zot: 20324
 Temple: D:4-7

Altars:
Makhleb

Annotations:
D:3 exclusions: phantom and shadow imp


Innate Abilities, Weirdness & Mutations

You are immune to sickness and miasma.
Your stone body is resilient. (AC +4)
You are immune to poison.
You resist negative energy. (rN+)
You are resistant to electric shocks. (rElec)
You are resistant to unholy torment.
You are immune to petrification.


Message History

Confirm with . or Enter, or press ? or * to list all spells.
Aiming: Poisonous Vapours (safe; 6% risk of failure)
Press: ? - help, Dir - move target, f/p - hobgoblin
Aim: a hobgoblin (poisoned) Poisonous vapours surround the hobgoblin!
The hobgoblin looks even sicker.
You closely miss the hobgoblin.
The hobgoblin is heavily wounded.
You kill the hobgoblin!
You see here a hobgoblin corpse.
There is a stone staircase leading up here.
You completely miss the hobgoblin. You hit the jelly. The acid corrodes you!
Your hands burn!
The jelly is moderately wounded.
The hobgoblin hits you. The hobgoblin hits you. The jelly hits you.
You are splashed with acid!
* * * LOW HITPOINT WARNING * * *
You climb upwards.
Level annotation: exclusions: phantom and shadow imp
There is a stone staircase leading down here.
You aren't carrying any items that you can evoke.
Okay, then.
Okay, then.
The jelly attacks as you move away! The jelly hits you.
* * * LOW HITPOINT WARNING * * *
You are splashed with acid!
* * * LOW HITPOINT WARNING * * *
You aren't carrying any items that you can evoke.
Okay, then.
Casting: Poisonous Vapours (safe; 6% risk of failure)
Confirm with . or Enter, or press ? or * to list all spells.
Aiming: Sting (safe; 5% risk of failure)
Press: ? - help, Shift-Dir - straight line, f - jelly
Aim: a jelly (moderately wounded, 100% to hit)
The sting hits the jelly.
The jelly partially resists.
The jelly is poisoned.
The jelly is moderately wounded.
The jelly hits you.
* * * LOW HITPOINT WARNING * * *
The acid corrodes you!
You are splashed with acid!
You die...

#.....# #.# #####.#............
#.....####.# #...#.#............
#.....'....# #...#.#####.#######
#.....###### #...#.#####)# #.
##.#....######...#.......######.
#.#.##.#.........######...)....
#.#..#.#.####....### ##........
#.#..#.#.# ##.....# #.........
###.#..#.#.# #@J...# #...).....
....#..#.#.# #.g...###)#######.
########W#.# ###>#...........#.
.#.# #.#...........#.
##.#######.#...........#.
#........###...........#.
#........###...........#.
#........'.....<.########
#........######### #


You could see a jelly (poisoned) and a hobgoblin.

Vanquished Creatures
  An orc priest (D:3)
  4 adders
  A howler monkey skeleton (D:2)
  2 worms (D:2)
  3 dart slugs
  4 orcs
  8 endoplasms
  3 giant cockroaches
  8 goblins
  6 hobgoblins
  3 quokkas
  2 ball pythons
  2 ball python skeletons (D:2)
  A ball python zombie (D:2)
  10 bats
  2 frilled lizards
  3 kobolds
  6 rats
69 creatures vanquished.

Notes
Turn   | Place    | Note
-------+----------+-------------------------------------------
     0 | D:1      | iguanaiguana the Gargoyle Venom Mage began the quest for
                  | the Orb.
     0 | D:1      | Reached XP level 1. HP: 10/10 MP: 3/3
   158 | D:1      | Reached XP level 2. HP: 15/15 MP: 0/5
   368 | D:1      | Learned a level 2 spell: Poisonous Vapours
   371 | D:1      | You fall into a shaft and drop 1 floor!
   677 | D:1      | Reached skill level 4 in Poison Magic
   888 | D:1      | Reached XP level 3. HP: 19/19 MP: 3/6
  1588 | D:2      | Reached XP level 4. HP: 19/24 MP: 3/7
  1804 | D:2      | Found a burning altar of Makhleb.
  1984 | D:2      | Found a faded altar of an unknown god.
  2071 | D:2      | Reached skill level 5 in Poison Magic
  2299 | D:2      | Reached skill level 1 in Air Magic
  2839 | D:3      | Reached XP level 5. HP: 28/28 MP: 6/8
  2907 | D:3      | Noticed a phantom
  3683 | D:3      | HP: 1/28 [jelly (1)]
  3683 | D:3      | Splashed by a jelly's acid

Illustrated notes

Levels and vault maps discovered:
D:1:      mrwooster_arrival_arrow, layout_rooms, minmay_misc_feat_four_crosses
D:2:      layout_loops_ring, serial_undead, serial_undead_e, serial_undead_e,
          serial_undead_a, serial_undead_a, serial_undead_c, serial_undead_c,
          ebering_ecumenical_altar_sacrificial, basic_altar,
          minmay_small_reverse_x
D:3:      layout_basic, hangedman_abyss_or_decor_stabs
D:4:      layout_rooms, mainiacjoe_overflow_alcove_4

Skill      XL: |  1  2  3  4  5 |
---------------+----------------+-----
Poison Magic   | 4 5 |  5.2
Air Magic      | 1 2 |  2.0
Dodging        | |  1.5
Stealth        | |  2.1
Spellcasting   | |  2.0
Transmutations | |  0.7

Action                   |  1- 3 |  4- 6 || total
-------------------------+-------+-------++-------
Melee: Unarmed           |     2 |       ||     2
       Spear             |    19 |       ||    19
       Dagger            |    13 |    29 ||    42
 Cast: Sting             |    66 |    63 ||   129
       Poisonous Vapours |       |     9 ||     9
Armor: Robe              |    35 |    12 ||    47
Dodge: Dodged            |    59 |    44 ||   103

Table legend: (Time is in decaauts)
 A = Elapsed time spent in this place.
 B = Non-inter-level travel time spent in this place.
 C = Inter-level travel time spent in this place.
 D = Time resting spent in this place.
 E = Time spent auto-exploring this place.
 F = Levels seen in this place.
 G = Mean time per level.
                   A        B        C        D        E       F      G
               +--------+--------+--------+--------+--------+-----+--------+
         Total |   3674 |   3537 |    137 |    907 |   2014 |   4 |  918.5 |
       Dungeon |   3674 |   3537 |    137 |    907 |   2014 |   4 |  918.5 |
               +--------+--------+--------+--------+--------+-----+--------+

Top non-repeatable levels by time:
     D:2: 1703 daAuts
     D:1: 1179 daAuts
     D:3: 774 daAuts
     D:4: 16 daAuts
